 Dungeon Crawl Stone Soup version 0.32-a0-401-g0bcb2a7693 (webtiles) character file.

Game seed: 13448703198933936307

444 Kenran the Slasher (level 7, 0/75 HPs)
             Began as a Coglin Gladiator on Feb 20, 2024.
             Succumbed to an adder's poison
             ... on level 4 of the Dungeon.
             The game lasted 00:08:23 (2699 turns).

Kenran the Slasher (Coglin Gladiator)               Turns: 2699, Time: 00:08:24

Health: 0/75       AC:  3    Str: 15    XL:     7   Next: 3%
Magic:  7/7        EV: 11    Int:  7    God:
Gold:   183        SH:  0    Dex: 19    Spells: 6/6 levels left

rFire   . . .        a - +0 long sword {Yvonne}
rCold   . . .        o - +0 short sword (speed) {Jia}
rNeg    . . .        h - +0 ring mail
rPois   .            (helmet restricted)
rElec   .            (no cloak)
rCorr   .            j - +0 pair of gloves
SInv    .            (no boots)
Will    .....        (no amulet) Stlth
                     (no ring)
HPRegen 0.32/turn    (no ring)
MPRegen 0.10/turn

%: no passive effects
@: berserking, lethally poisoned (0 -> -1), immotile, revved, very quick
A: off-hand wielding, slow wielding, warmup strikes, legs shutdown, horns 1,
agile 1, deformed body
a: no special abilities


You were on level 4 of the Dungeon.
You visited 1 branch of the dungeon, and saw 4 of its levels.

You collected 243 gold pieces.
You spent 60 gold pieces at shops.

Inventory:

Hand Weapons
 a - a +0 long sword (weapon) {Yvonne}
 l - a +1 short sword of holy wrath {Gurmehar}
 o - a +0 short sword of speed (worn) {Jia}
Missiles
 d - 5 throwing nets (quivered)
 e - a javelin
Armour
 b - a +0 leather armour
 c - a +0 helmet
 h - a +0 ring mail (worn)
 j - a +0 pair of gloves (worn)
Jewellery
 p - a ring of ice
 t - a ring of ice
 y - a ring of fire
Wands
 u - a wand of light (5)
 v - a wand of charming (10)
Scrolls
 i - a scroll of brand weapon {unknown}
 k - 2 scrolls of teleportation
 m - a scroll of poison {unknown}
 q - 2 scrolls of amnesia {unknown}
 s - a scroll of blinking {unknown}
 w - 2 scrolls of enchant weapon {unknown}
 x - a scroll of fear {unknown}
 z - a scroll of enchant armour {unknown}
 B - a scroll of acquirement {unknown}
Potions
 f - a potion of might
 g - a potion of degeneration {unknown}
 n - a potion of mutation {!q}
 r - a potion of cancellation
 C - a potion of haste {unknown}


   Skills:
 - Level 2.0 Fighting
 + Level 7.7 Long Blades
 - Level 1.7 Throwing
 - Level 2.6 Dodging


You had 6 spell levels left.
You didn't know any spells.
Your spell library contained the following spells:

 Spells                   Type           Power      Damage    Failure   Level
 Summon Small Mammal      Summ           0%         N/A       67%         1
 Call Canine Familiar     Summ           0%         N/A       95%         3
 Summon Blazeheart Golem  Fire/Summ      0%         N/A       100%        4


Dungeon Overview and Level Annotations

Branches:
Dungeon (4/15)
 Temple: D:4-7

Altars:
Elyvilon

Shops:
D:1 *


Innate Abilities, Weirdness & Mutations

You can wield a second weapon in your off-hand.
It takes a long time for you to wield or remove held weapons.
Your first few attacks do less damage.
Attacking and casting redirects power from your legs.
You have a pair of small horns on your head.
You are agile. (Dex +4, Str/Int -1)
Armour fits poorly on your strangely shaped body.


Message History

You hit Blork the orc but do no damage.
Blork the orc casts a cantrip, but nothing happens.
Okay, then.
Unknown command.
You slash Blork the orc with your +0 long sword!
You kill Blork the orc!
The adder closely misses you.
You have reached level 7!
You closely miss the adder with your +0 long sword.
You closely miss the adder with your +0 short sword of speed.
The adder bites you.
* * * LOW HITPOINT WARNING * * *
You are poisoned.
The adder poisons you!
It was a potion of might.
You feel very mighty all of a sudden.
You are no longer unable to travel.
You feel sick. The adder bites you.
* * * LOW HITPOINT WARNING * * *
It was a potion of cancellation.
Your magical effects are unravelling.
You feel magically purged.
You feel a little less mighty now.
You feel sick. The adder closely misses you. The adder misses you.
It was a potion of mutation.
You feel extremely strange. A pair of horns grows on your head!
Your +0 helmet falls away!
Your body twists and deforms.
You feel agile.
You feel sick. The adder bites you.
* * * LOW HITPOINT WARNING * * *
It was a potion of berserk rage.
A red film seems to cover your vision as you go berserk!
You feel yourself moving faster!
You feel mighty!
* * * LOW HITPOINT WARNING * * *
You feel sick. The adder completely misses you.
You are too berserk!
Unknown command.
You closely miss the adder with your +0 short sword of speed.
You headbutt the adder!
You kill the adder!
You die...

#........#
#........######
+........'..)>#
##........####)#
#........#####.##
########........+.......
................#####.#.
##.#####.....##.# #.#.
#..@†....##.# #.#.
####)....##.# #.#.
#...<...# .# #.#.
#.####'#... #.#.
##........#######.#.
#...###..........†..
#..)###....######.##
#...o......# #.#
##...####o.. #.#


There were no monsters in sight!

Vanquished Creatures
  Blork the orc (D:4)
  A scorpion (D:4)
  A hound (D:3)
  2 orc priests (D:4)
  Ijyb (D:3)
  Robin (D:2)
  5 adders
  A gnoll (D:3)
  A ribbon worm (D:3)
  2 dart slugs
  9 orcs
  3 bats
  4 endoplasms
  3 giant cockroaches
  17 goblins
  4 hobgoblins
  4 jackals (D:1)
  8 kobolds
  A quokka (D:2)
  6 ball pythons
  A frilled lizard (D:1)
  8 rats
84 creatures vanquished.

Notes
Turn   | Place    | Note
-------+----------+-------------------------------------------
     0 | D:1      | Kenran the Coglin Gladiator began the quest for the Orb.
     0 | D:1      | Reached XP level 1. HP: 16/16 MP: 1/1
   215 | D:1      | Found Onit Mell's General Store.
   218 | D:1      | Bought a potion of curing for 30 gold pieces
   298 | D:1      | Reached XP level 2. HP: 22/22 MP: 2/2
   529 | D:1      | Bought a scroll of teleportation for 30 gold pieces
   559 | D:1      | Reached skill level 4 in Long Blades
   566 | D:1      | Reached XP level 3. HP: 27/27 MP: 3/3
   804 | D:2      | Reached XP level 4. HP: 29/33 MP: 4/4
   872 | D:2      | Reached skill level 5 in Long Blades
   923 | D:2      | Found a white marble altar of Elyvilon.
  1039 | D:2      | Noticed Robin
  1070 | D:2      | Killed Robin
  1071 | D:2      | Reached XP level 5. HP: 11/38 MP: 5/5
  1374 | D:3      | Found a faded altar of an unknown god.
  1686 | D:3      | Reached skill level 6 in Long Blades
  1759 | D:3      | Noticed Ijyb
  1764 | D:3      | Killed Ijyb
  2166 | D:3      | Reached XP level 6. HP: 44/44 MP: 6/6
  2569 | D:4      | Reached skill level 7 in Long Blades
  2672 | D:4      | Noticed Blork the orc
  2693 | D:4      | Killed Blork the orc
  2694 | D:4      | Reached XP level 7. HP: 9/50 MP: 7/7
  2697 | D:4      | Gained mutation: You have a pair of small horns on your
                  | head. [potion of mutation]
  2697 | D:4      | Gained mutation: Armour fits poorly on your strangely
                  | shaped body. [potion of mutation]
  2697 | D:4      | Gained mutation: You are agile. (Dex +4, Str/Int -1)
                  | [potion of mutation]
  2697 | D:4      | HP: 1/50 [adder (2)]
  2699 | D:4      | Succumbed to an adder's poison

Illustrated notes

Levels and vault maps discovered:
D:1:      dpeg_arrival_windows_large_door, layout_basic, serial_shops,
          nicolae_shop_behind_doors
D:2:      layout_rooms, basic_altar, uniq_robin
D:3:      minmay_chambers_of_twos, layout_basic,
          hellmonk_ecumenical_altar_heavens_door, uniq_ijyb
D:4:      layout_basic, gup_sewer_entry_spiral, serial_shops, shop,
          uniq_eustachio, uniq_blork_the_orc

Skill      XL: |  1  2  3  4  5  6 |
---------------+-------------------+-----
Long Blades    | 4 5 6 7 |  7.7
Fighting       | |  2.0
Throwing       | |  1.7
Dodging        | |  2.6

Action                     |  1- 3 |  4- 6 |  7- 9 || total
---------------------------+-------+-------+-------++-------
  Melee: Long sword        |    54 |   137 |     1 ||   192
         Short sword       |       |   125 |     2 ||   127
         Headbutt          |       |       |     1 ||     1
    Use: Potion            |       |     2 |     4 ||     6
 Armour: Leather armour    |     6 |       |       ||     6
         Ring mail         |    26 |    87 |     3 ||   116
  Dodge: Dodged            |    41 |    58 |     3 ||   102

Table legend: (Time is in decaauts)
 A = Elapsed time spent in this place.
 B = Non-inter-level travel time spent in this place.
 C = Inter-level travel time spent in this place.
 D = Time resting spent in this place.
 E = Time spent auto-exploring this place.
 F = Levels seen in this place.
 G = Mean time per level.
                   A        B        C        D        E       F      G
               +--------+--------+--------+--------+--------+-----+--------+
         Total |   2680 |   2544 |    136 |    115 |   1690 |   4 |  670.0 |
       Dungeon |   2680 |   2544 |    136 |    115 |   1690 |   4 |  670.0 |
               +--------+--------+--------+--------+--------+-----+--------+

Top non-repeatable levels by time:
     D:3: 1102 daAuts
     D:1: 776 daAuts
     D:2: 537 daAuts
     D:4: 264 daAuts
